 Dungeon Crawl Stone Soup version 0.29.0-4-gdea44cf6ec (webtiles) character file.

Game seed: 6546413972577365292

65 qw the Ruffian (level 3, 0/36 HPs)
             Began as a Troll Cinder Acolyte on Aug 30, 2022.
             Was a High Priest of Ignis.
             Slain by an orc wizard
             ... wielding a +0 dagger
              (3 damage)
             ... on level 3 of the Dungeon.
             The game lasted 00:00:54 (1848 turns).

qw the Ruffian (Troll Cinder Acolyte)               Turns: 1848, Time: 00:00:55

Health: 0/36       AC: 11    Str: 24    XL:     3   Next: 94%
Magic:  3/3        EV:  9    Int: 10    God:    Ignis [*****.]
Gold:   65         SH:  0    Dex:  5    Spells: 4/4 levels left

rFire   + . .      SeeInvis .     - Unarmed
rCold   . . .      Faith    .   (no shield)
rNeg    . . .      Spirit   .   a - +0 robe
rPois   .          Reflect  .   (helmet restricted)
rElec   .          Harm     .   (no cloak)
rCorr   .          Rampage  .   (gloves unavailable)
Will    .....                   (boots unavailable)
Stlth   +.........              (no amulet)
HPRegen 0.92/turn               (no ring)
MPRegen 0.08/turn               (no ring)

@: about to teleport, fiery-armoured
A: large, unfitting armour, claws 3, regeneration 1, shaggy fur 1, tough skin 1
a: Renounce Religion, Fiery Armour, Foxfire Swarm, Rising Flame


You were on level 3 of the Dungeon.
You worshipped Ignis.
Ignis was extremely pleased with you.
You visited 1 branch of the dungeon, and saw 3 of its levels.

You collected 175 gold pieces.
You spent 110 gold pieces at shops.


Innate Abilities, Weirdness & Mutations

You are too large for most types of armour.
You have claws for hands.
Your natural rate of healing is unusually fast.
You are covered in fur. (AC +1)
You have tough skin. (AC +1)


   Skills:
 - Level 2.4 Fighting
 + Level 4.9 Unarmed Combat
 - Level 1.0 Spellcasting
 - Level 2.1 Fire Magic


You had 4 spell levels left.
You didn't know any spells.
Your spell library contained the following spells:

 Spells                   Type           Power      Damage    Failure   Level
 Scorch                   Fire           8%         2d5       22%         2

Inventory:

Armour
 a - a +0 robe (worn)
Scrolls
 b - a scroll of enchant weapon
 h - a scroll of butterflies {unknown}
 i - a scroll of identify
Potions
 c - a potion of flight {unknown}
 d - a potion of invisibility {unknown}
 e - a potion of curing
 f - a potion of brilliance {unknown}
 j - a potion of attraction {unknown}
 k - a potion of might

Dungeon Overview and Level Annotations

Branches:
Dungeon (3/15)

Altars:

Shops:
D:2 (**


Message History

Enter note: An orc comes into view. It is wielding a +0 short sword.
The orc shouts!
An orc priest comes into view. It is wielding a +0 flail.
The orc priest shouts!
The orc priest looks braver for a moment.
You closely miss the orc. The orc hits you with a +0 falchion.
1839 ||| Stepping ~*~*~tactically~*~*~ (outnumbered).
You scratch the orc. You claw the orc.
You kill the orc!
You scratch the orc but do no damage. The orc barely misses you.
You claw the orc!
You kill the orc!
The orc priest invokes the aid of Beogh against you.
Beogh smites you!
You hear a shout!
You claw the orc!
You kill the orc!
The orc priest barely misses you.
Items here: $ % ))) ?.
You claw the orc priest!
The orc priest is heavily wounded.
An orc wizard comes into view. It is wielding a +0 dagger.
The orc priest hits you with a +0 flail.
1846 ||| INVOKING Fiery Armour.
A protective cloak of flame settles atop you.
The orc priest hits you with a +0 flail.
The orc priest is burned by your cloak of flames.
The orc priest is almost dead.
You closely miss the orc priest.
The orc priest is almost dead.
The orc priest mumbles some strange prayers to Beogh against you.
Beogh smites you!
1848 ||| READING scroll of teleportation.
As you read the scroll of teleportation, it crumbles to dust.
You feel strangely unstable.
The orc wizard hits you with a +0 dagger.
You die...

#..#...........#.#
##..#.#.##......#..
..........%##.<.#.#
#..##..###.##.#....
##..##..#......#....
.........#.####.###
#..##..#.#.# #.#
#oo##......####.#
#@##...........#
#.###...########
#.....###
...(........#
###########.# #.#
#.# ###


You could see an orc priest and an orc wizard.

Vanquished Creatures
  2 adders (D:2)
  A worm (D:3)
  A dart slug (D:3)
  3 orcs (D:3)
  2 bats (D:2)
  2 endoplasms
  A giant cockroach (D:2)
  4 hobgoblins
  5 jackals (D:1)
  6 kobolds
  3 quokkas
  3 ball pythons
  A frilled lizard (D:2)
  2 goblins (D:2)
  A rat (D:1)
37 creatures vanquished.

Notes
Turn   | Place    | Note
-------+----------+-------------------------------------------
     0 | D:1      | qw the Troll Cinder Acolyte began the quest for the Orb.
     0 | D:1      | Reached XP level 1. HP: 22/22 MP: 1/1
     0 | D:1      | 0 ||| qw: Version: 0.1-a-95-gae9e614
     0 | D:1      | 0 ||| qw: Game counter: 4444
     0 | D:1      | 0 ||| qw: Always use a shield: true
     0 | D:1      | 0 ||| qw: God list: Okawaru
     0 | D:1      | 0 ||| qw: Allow faded altars: false
     0 | D:1      | 0 ||| qw: Do Orc after D:15 true
     0 | D:1      | 0 ||| qw: Do second Lair branch before Depths: true
     0 | D:1      | 0 ||| qw: Lair rune preference: random
     0 | D:1      | 0 ||| qw: Plans: Normal
     0 | D:1      | 0 ||| PLANNING D:1-11
    16 | D:1      | 16 ||| Stepping ~*~*~tactically~*~*~ (stealth).
    43 | D:1      | 43 ||| Stepping ~*~*~tactically~*~*~ (outnumbered).
    44 | D:1      | 44 ||| Stepping ~*~*~tactically~*~*~ (outnumbered).
   254 | D:1      | 254 ||| Stepping ~*~*~tactically~*~*~ (stealth).
   269 | D:1      | Reached XP level 2. HP: 28/29 MP: 2/2
   419 | D:1      | 419 ||| Stepping ~*~*~tactically~*~*~ (outnumbered).
   757 | D:1      | Found a faded altar of an unknown god.
   839 | D:1      | 839 ||| READING 3 scrolls labelled EKUMOGRUCEI.
   840 | D:1      | 840 ||| READING scroll labelled HAOLASETEA.
   841 | D:1      | 841 ||| READING 2 scrolls labelled QIGE WAENIEC.
   844 | D:1      | 844 ||| READING 2 scrolls labelled PYECIUMYETA.
   845 | D:1      | 845 ||| DROPPING 2 scrolls of immolation.
   885 | D:2      | Found Puakhler's Assorted Antiques.
   890 | D:2      | 890 ||| SHOPLISTING cloak (121 gold, have 55).
   890 | D:2      | 890 ||| BUYING scroll labelled FETARPH LIKKUO (27 gold).
   890 | D:2      | Bought a scroll labelled FETARPH LIKKUO for 27 gold pieces
   890 | D:2      | 890 ||| BUYING scroll labelled FYLIL CIVVAOF (27 gold).
   890 | D:2      | Bought a scroll labelled FYLIL CIVVAOF for 27 gold pieces
   890 | D:2      | 890 ||| SHOPLISTING scroll labelled YNIOSTR WIENET (27
                  | gold, have 1).
   984 | D:2      | Reached skill level 4 in Unarmed Combat
  1005 | D:2      | Found Irats's Antique Weapon Shop.
  1118 | D:2      | Reached XP level 3. HP: 36/36 MP: 3/3
  1363 | D:2      | Found Ygga's General Store.
  1377 | D:2      | 1377 ||| BUYING potion of might (56 gold).
  1377 | D:2      | Bought a potion of might for 56 gold pieces
  1533 | D:2      | 1533 ||| DROPPING scarf of harm.
  1534 | D:2      | 1534 ||| READING scroll labelled FETARPH LIKKUO.
  1535 | D:2      | 1535 ||| READING 2 scrolls labelled FYLIL CIVVAOF.
  1536 | D:2      | 1536 ||| READING 3 scrolls labelled KEQO TIUDE.
  1537 | D:2      | 1537 ||| DRINKING 2 smoky emerald potions.
  1538 | D:2      | 1538 ||| DROPPING scroll of blinking.
  1539 | D:2      | 1539 ||| DROPPING 2 scrolls of noise.
  1804 | D:3      | 1804 ||| Stepping ~*~*~tactically~*~*~ (hiding).
  1839 | D:3      | 1839 ||| Stepping ~*~*~tactically~*~*~ (outnumbered).
  1846 | D:3      | 1846 ||| INVOKING Fiery Armour.
  1847 | D:3      | HP: 2/36 [orc priest/divine providence (15)]
  1848 | D:3      | 1848 ||| READING scroll of teleportation.
  1848 | D:3      | Slain by an orc wizard

Levels and vault maps discovered:
D:1:      erik_arrival_cave_to_civilisation [erik_arrival_cave_to_hall],
          layout_loops_ring, shapermc_ecumenical_altar_hornbeckon
D:2:      layout_basic, serial_shops, shop, shop, shop_statue
D:3:      layout_basic, nicolae_wu_jian_immortal_techniques

Skill      XL: |  1  2 |
---------------+-------+-----
Unarmed Combat | 4 |  4.9
Fighting       | |  2.4
Spellcasting   | |  1.0
Fire Magic     | |  2.1

Action                   || total
-------------------------++-------
Melee: Unarmed           ||   105
       Punch             ||     4
Invok: Fiery Armour      ||     1
  Use: Scroll            ||     8
       Potion            ||     1
Armor: Robe              ||    28
Dodge: Dodged            ||    41

Table legend:
 A = Non-vault XP
 B = Vault XP
 C = Vault XP percentage of total XP
 D = Non-vault monster count
 E = Vault monster count
 F = Vault count percentage of total count
                 A         B        C        D         E       F
            +---------+---------+-------+---------+---------+-------
      Total |      91 |       3 |   3.2 |      35 |       2 |   5.4
            +---------+---------+-------+---------+---------+-------
        D:1 |      19 |       3 |  13.6 |      11 |       2 |  15.4
        D:2 |      47 |       0 |   0.0 |      15 |       0 |   0.0
        D:3 |      25 |       0 |   0.0 |       9 |       0 |   0.0
            +---------+---------+-------+---------+---------+-------
